Admirals vs Condors
Created - November 5, 2023 at 21:38
Goals
|
| Admirals |
1 |
1 |
3 |
0 |
5 |
| Condors |
3 |
0 |
2 |
1 |
6 |
|
Shots
|
| Admirals |
18 |
10 |
9 |
0 |
37 |
| Condors |
12 |
3 |
12 |
1 |
28 |
|
1st period
1. Condors , Pontus Holmberg 5 (Taro Hirose 4, Ryan McLeod 3) at 9:24
2. Condors , Zac Leslie 1 (Jason Robertson 3, Nick Shore 8) at 9:38
3. Condors , Taro Hirose 3 (Gustav Olofsson 1) at 13:10
4. Admirals , Gerald Mayhew 9 (T.J Brodie 9, Bokondji Imama 1) at 15:49
Penalties :
No Penalty
2nd period
5. Admirals , Mattias Backman 4 (Kasper Bjorkqvist 5, Pavol Regenda 6) at 4:42
Penalties :
Nick Shore (Bak) for Cross-checking (Minor) at 1:15, Taro Hirose (Bak) for Hooking (Minor) at 17:09
3rd period
6. Condors , Jason Robertson 4 (Patrik Laine 10, Nick Shore 9) at 2:35
7. Admirals , Olli Juolevi 4 (Kasper Bjorkqvist 6, T.J Brodie 10) at 5:09 (PP)
8. Admirals , Kasper Bjorkqvist 3 (Mattias Backman 8, T.J Brodie 11) at 5:56 (PP)
9. Admirals , Kristian Vesalainen 1 (Olli Juolevi 7, Riley Barber 2) at 17:15
10. Condors , Gustav Olofsson 1 (Zac Leslie 5, Garret Sparks) at 18:37 (PP)
Penalties :
Patrik Laine (Bak) for Holding (Minor) at 4:36, Kailer Yamamoto (Bak) for Holding (Minor) at 5:43, Pontus Holmberg (Bak) for Diving (Minor) at 11:27, Kristian Vesalainen (Mil) for Interference (Minor) at 18:24
Overtime #1
11. Condors , Phil McRae 4 (Nick Shore 10, Zac Leslie 6) at 0:09
Penalties :
No Penalty
Goalie Stats
Felix Sanstrom (Mil), 7 saves from 9 shots - (0.778), OTL, 4-2-2, 17:34 minutes
Tristan Jarry (Mil), 15 saves from 19 shots - (0.789), 42:35 minutes
Garret Sparks (Bak), 32 saves from 37 shots - (0.865), W, 4-3-0, 60:09 minutes
Players Stats for Admirals
Player Name G A P +/- PIM S H SB GA TA FO MP PP MP PK MP
------------------------------------------------------------------------------------
Barrett Hayton 0 0 0 1 0 4 2 1 1 1 6/9 17:27 3:31 0:00
Bokondji Imama 0 1 1 0 0 1 1 0 0 1 0/1 9:12 0:00 0:00
Carl Dahlstrom 0 0 0 -1 0 0 0 0 0 0 0/0 9:41 0:00 0:00
Christian Djoos 0 0 0 -1 0 1 0 1 0 0 0/0 17:58 1:55 0:00
Gerald Mayhew 1 0 1 0 0 2 0 0 2 0 0/0 9:02 0:00 0:00
Hunter Shinkaruk 0 0 0 -3 0 6 3 2 1 0 3/4 21:31 3:12 0:13
Ian Mitchell 0 0 0 0 0 0 0 0 0 0 0/0 6:52 0:00 0:00
Joni Ikonen 0 0 0 0 0 0 0 0 0 0 1/6 11:59 0:00 0:00
Josh Norris 0 0 0 -2 0 1 1 0 0 0 9/30 21:09 3:12 0:00
Josh Wesley 0 0 0 0 0 0 0 1 0 0 0/0 6:52 0:00 0:00
Kasper Bjorkqvist 1 2 3 0 0 6 0 2 0 0 1/3 17:36 3:31 0:00
Kristian Vesalainen 1 0 1 0 2 1 0 1 0 0 0/0 12:27 0:00 0:00
Mark McNeill 0 0 0 -2 0 2 1 0 2 0 1/3 21:22 3:12 0:13
Mattias Backman 1 1 2 1 0 3 1 3 1 2 0/0 25:29 4:48 0:13
Olli Juolevi 1 1 2 -1 0 4 0 1 0 1 0/0 17:58 1:55 0:00
Pavol Regenda 0 1 1 1 0 2 1 0 0 0 1/1 17:27 3:31 0:00
Reilly Walsh 0 0 0 -1 0 0 0 0 0 1 0/0 9:41 0:00 0:00
Riley Barber 0 1 1 0 0 2 0 1 0 0 0/0 12:12 0:00 0:00
Ruslan Iskhakov 0 0 0 0 0 0 0 0 0 0 1/4 8:40 0:00 0:00
Sean Durzi 0 0 0 0 0 0 0 0 0 0 0/0 0:00 0:00 0:00
T.J Brodie 0 3 3 0 0 2 1 3 2 1 0/0 25:38 4:48 0:13
Players Stats for Condors
Player Name G A P +/- PIM S H SB GA TA FO MP PP MP PK MP
------------------------------------------------------------------------------------
Alexander Alexeyev 0 0 0 -1 0 1 0 0 0 0 0/0 9:42 0:00 0:00
Alexandre Carrier 0 0 0 0 0 0 0 2 0 1 0/0 18:56 0:00 2:10
Brett Lernout 0 0 0 0 0 0 1 0 1 0 0/0 13:19 0:00 1:23
C.J. Smith 0 0 0 -1 0 1 2 0 0 1 0/1 15:05 0:00 1:51
Connor Hurley 0 0 0 -1 0 0 1 1 1 0 4/8 13:13 0:00 0:00
Emil Djuse 0 0 0 1 0 0 0 1 0 3 0/0 11:29 0:00 3:07
Gustav Olofsson 1 1 2 2 0 1 2 0 0 0 0/0 15:28 0:13 0:00
Jason Robertson 1 1 2 1 0 3 1 1 0 0 1/1 20:22 0:13 1:46
Jordan Subban 0 0 0 -1 0 0 0 1 0 0 0/0 9:52 0:00 0:10
Kailer Yamamoto 0 0 0 -1 2 1 0 0 0 0 0/0 13:16 0:00 0:00
Kiefer Sherwood 0 0 0 1 0 3 0 0 1 0 1/2 14:06 0:00 0:00
Nick Shore 0 3 3 1 2 2 1 0 0 1 20/32 24:31 0:13 2:34
Patrik Laine 0 1 1 1 2 4 1 1 1 1 1/1 19:07 0:13 1:17
Phil McRae 1 0 1 2 0 2 1 0 1 1 10/13 18:43 0:00 4:05
Philippe Myers 0 0 0 0 0 0 0 2 0 1 0/0 17:21 0:00 2:03
Pontus Holmberg 1 0 1 1 2 1 0 0 0 0 0/0 7:19 0:00 0:00
Ryan McLeod 0 1 1 0 0 0 0 0 0 0 1/3 9:19 0:00 1:09
Taro Hirose 1 1 2 1 2 6 2 1 1 0 0/0 17:26 0:00 0:37
Zac Leslie 1 2 3 2 0 3 1 1 1 0 0/0 25:05 0:13 4:40
3 Stars
1 - Zac Leslie (Bak)
2 - Gustav Olofsson (Bak)
3 - Jason Robertson (Bak)
Power Play
Admirals - 2 on 5 Attempt(s) - 40.00%
Condors - 1 on 1 Attempt(s) - 100.00%
Penalty Kill
Admirals - 0 on 1 Attempt(s) - 0.00%
- Score 0 goal in Penalty Kill
Condors - 3 on 5 Attempt(s) - 60.00%
- Score 0 goal in Penalty Kill
Team Stat
Admirals - Hits : 11 - Faceoff Wins : 23 - Blocked Shots : 16 - Penalty Minutes : 2
Condors - Hits : 13 - Faceoff Wins : 38 - Blocked Shots : 11 - Penalty Minutes : 10
Official
Referees : Kendrick Nicholson and Dan Kelly
Linesman : Ryan Galloway and Bryan Pancich
Game Notes
Brett Lernout is injured at 13:35 of 2nd period (Fractured Metatarsal (Left Foot))
Felix Sanstrom enters game at 2:35 of 3rd period
Finance
Level 1 -- Attendance: 1809 (90.45%) -- Ticket Income $126,630
Level 2 -- Attendance: 989 (98.90%) -- Ticket Income $39,560
Total Attendance: 2798 (93.27%)
Total Ticket Income: $166,190
Other Income: $8,310
Total Income: $174,500
Admirals
5 vs 5 Forward
Center Left Wing Right Wing Time % Phy DF OF
1 Josh Norris Hunter Shinkaruk Mark McNeill 40 1 2 2
2 Barrett Hayton Pavol Regenda Kasper Bjorkqvist 30 1 2 2
3 Joni Ikonen Kristian Vesalainen Riley Barber 20 1 2 2
4 Ruslan Iskhakov Bokondji Imama Gerald Mayhew 10 1 2 2
5 vs 5 Defense
Defense Defense Time % Phy DF OF
1 T.J Brodie Mattias Backman 40 1 2 2
2 Christian Djoos Olli Juolevi 30 1 2 2
3 Carl Dahlstrom Reilly Walsh 20 1 2 2
4 Josh Wesley Ian Mitchell 10 1 2 2
PowerPlay Forward
Center Left Wing Right Wing Time % Phy DF OF
1 Josh Norris Hunter Shinkaruk Mark McNeill 60 1 2 2
2 Barrett Hayton Pavol Regenda Kasper Bjorkqvist 40 1 2 2
PowerPlay Defense
Defense Defense Time % Phy DF OF
1 T.J Brodie Mattias Backman 60 1 2 2
2 Christian Djoos Olli Juolevi 40 1 2 2
Penalty Kill 4 Players Forward
Center Wing Time % Phy DF OF
1 Mark McNeill Hunter Shinkaruk 60 1 2 2
2 Kasper Bjorkqvist Riley Barber 40 1 2 2
Penalty Kill 4 Players Defense
Defense Defense Time % Phy DF OF
1 T.J Brodie Mattias Backman 60 1 2 2
2 Christian Djoos Olli Juolevi 40 1 2 2
Penalty Kill - 3 Players Forward
Forward Time % Phy DF OF
1 Mark McNeill 60 1 2 2
2 Hunter Shinkaruk 40 1 2 2
Penalty Kill - 3 Players Defense
Defense Defense Time % Phy DF OF
1 T.J Brodie Mattias Backman 60 1 2 2
2 Christian Djoos Olli Juolevi 40 1 2 2
4 vs 4 Forward
Center Wing Time % Phy DF OF
1 Mark McNeill Hunter Shinkaruk 60 1 2 2
2 Kasper Bjorkqvist Riley Barber 40 1 2 2
4 vs 4 Defense
Defense Defense Time % Phy DF OF
1 T.J Brodie Mattias Backman 60 1 2 2
2 Christian Djoos Olli Juolevi 40 1 2 2
Last Minutes Offensive
Center Left Wing Right Wing Defense Defense
Josh Norris Hunter Shinkaruk Mark McNeill T.J Brodie Mattias Backman
Last Minutes Defensive
Center Left Wing Right Wing Defense Defense
Josh Norris Hunter Shinkaruk Mark McNeill T.J Brodie Mattias Backman
Goaltenders
Starting : Tristan Jarry
Backup : Felix Sanstrom
Extra Forwards
Normal : Gerald Mayhew, Kristian Vesalainen, Bokondji Imama - PP : Gerald Mayhew, Kristian Vesalainen - PK : Bokondji Imama
Extra Defensemen
Normal : Sean Durzi, Carl Dahlstrom, Reilly Walsh - PP : Sean Durzi - PK : Carl Dahlstrom, Reilly Walsh
Penalty Shots
Mark McNeill, Hunter Shinkaruk, Kasper Bjorkqvist, Riley Barber, Gerald Mayhew
Custom OT Lines Forwards
Mark McNeill, Hunter Shinkaruk, Kasper Bjorkqvist, Riley Barber, Gerald Mayhew, Josh Norris, Pavol Regenda, Barrett Hayton, Kristian Vesalainen, Bokondji Imama
Custom OT Lines Defensemen
T.J Brodie, Mattias Backman, Christian Djoos, Olli Juolevi, Carl Dahlstrom
Scratches
Anton Gustafsson (Suspend), Filip Chlapik (Healthy), Nolan Vesey (Healthy), Grant Hutton (Healthy), Ryan Olsen (Healthy)
Sergei Zborovskiy (Healthy), Troy Bourke (Healthy), Carsen Twarynski (Healthy), Drew O'Connor (Healthy), Libor Hajek (Healthy)
Milos Kelemen (Healthy), Linus Ullmark (Healthy)
Condors
5 vs 5 Forward
Center Left Wing Right Wing Time % Phy DF OF
1 Nick Shore Jason Robertson Patrik Laine 40 1 2 2
2 Phil McRae Taro Hirose Kiefer Sherwood 30 1 2 2
3 Connor Hurley C.J. Smith Kailer Yamamoto 20 1 2 2
4 Ryan McLeod Nick Shore Pontus Holmberg 10 1 2 2
5 vs 5 Defense
Defense Defense Time % Phy DF OF
1 Brett Lernout Zac Leslie 40 1 2 2
2 Alexandre Carrier Philippe Myers 30 1 2 2
3 Gustav Olofsson Emil Djuse 20 1 2 2
4 Jordan Subban Alexander Alexeyev 10 1 2 2
PowerPlay Forward
Center Left Wing Right Wing Time % Phy DF OF
1 Nick Shore Jason Robertson Patrik Laine 60 1 2 2
2 Phil McRae Taro Hirose Kiefer Sherwood 40 1 2 2
PowerPlay Defense
Defense Defense Time % Phy DF OF
1 Brett Lernout Zac Leslie 60 1 2 2
2 Alexandre Carrier Philippe Myers 40 1 2 2
Penalty Kill 4 Players Forward
Center Wing Time % Phy DF OF
1 Nick Shore Phil McRae 60 1 2 2
2 Jason Robertson Patrik Laine 40 1 2 2
Penalty Kill 4 Players Defense
Defense Defense Time % Phy DF OF
1 Brett Lernout Zac Leslie 60 1 2 2
2 Alexandre Carrier Philippe Myers 40 1 2 2
Penalty Kill - 3 Players Forward
Forward Time % Phy DF OF
1 Nick Shore 60 1 2 2
2 Phil McRae 40 1 2 2
Penalty Kill - 3 Players Defense
Defense Defense Time % Phy DF OF
1 Brett Lernout Zac Leslie 60 1 2 2
2 Alexandre Carrier Philippe Myers 40 1 2 2
4 vs 4 Forward
Center Wing Time % Phy DF OF
1 Nick Shore Phil McRae 60 1 2 2
2 Jason Robertson Patrik Laine 40 1 2 2
4 vs 4 Defense
Defense Defense Time % Phy DF OF
1 Brett Lernout Zac Leslie 60 1 2 2
2 Alexandre Carrier Philippe Myers 40 1 2 2
Last Minutes Offensive
Center Left Wing Right Wing Defense Defense
Nick Shore Jason Robertson Patrik Laine Brett Lernout Zac Leslie
Last Minutes Defensive
Center Left Wing Right Wing Defense Defense
Nick Shore Jason Robertson Patrik Laine Brett Lernout Zac Leslie
Goaltenders
Starting : Garret Sparks
Backup : Stuart Skinner
Extra Forwards
Normal : Kailer Yamamoto, Connor Hurley, C.J. Smith - PP : Kailer Yamamoto, Connor Hurley - PK : C.J. Smith
Extra Defensemen
Normal : Gustav Olofsson, Emil Djuse, Jordan Subban - PP : Gustav Olofsson - PK : Emil Djuse, Jordan Subban
Penalty Shots
Nick Shore, Phil McRae, Jason Robertson, Patrik Laine, Kiefer Sherwood
Custom OT Lines Forwards
Nick Shore, Phil McRae, Jason Robertson, Patrik Laine, Kiefer Sherwood, Kailer Yamamoto, Taro Hirose, Connor Hurley, C.J. Smith, Pontus Holmberg
Custom OT Lines Defensemen
Brett Lernout, Zac Leslie, Alexandre Carrier, Philippe Myers, Gustav Olofsson
Scratches
Adam Erne (Healthy), Cole Cassels (Healthy), Colin White (Healthy), Semyon Der-Arguchintsev (Healthy), Jeremy Gregoire (Healthy)
Robin Salo (Healthy), Filip Kral (Healthy), Remi Elie (Healthy), Filip Johansson (Healthy), Nikolai Knyzhov (Healthy)
Lucas Johansen (Healthy), Cole Fonstad (Healthy), Jack Perbix (Healthy), Jaxson Stauber (Healthy)
% Time on Ice - Admirals
Lines # - Real PCT - Wanted PCT - Time Play
Normal Forward
1 - 35% - 40% - 18:29
2 - 26% - 30% - 13:56
3 - 23% - 20% - 11:59
4 - 16% - 10% - 8:40
Normal Defense
1 - 39% - 40% - 20:28
2 - 30% - 30% - 16:03
3 - 18% - 20% - 9:41
4 - 13% - 10% - 6:52
PP Forward
1 - 48% - 60% - 3:12
2 - 52% - 40% - 3:31
PP Defense
1 - 71% - 60% - 4:48
2 - 29% - 40% - 1:55
PK Forward
1 - 100% - 60% - 0:13
2 - 0% - 40% - 0:00
PK Defense
1 - 100% - 60% - 0:13
2 - 0% - 40% - 0:00
PK3 Forward
1 - 0% - 60%
2 - 0% - 40%
PK3 Defense
1 - 0% - 60%
2 - 0% - 40%
44 Forward
1 - 0% - 60%
2 - 0% - 40%
44 Defense
1 - 0% - 60%
2 - 0% - 40%
Last Minute Offensive - 0:00
Last Minute Defensive - 0:00
Total
Forward - 60:00
Defense - 60:00
|
% Time on Ice - Condors
Lines # - Real PCT - Wanted PCT - Time Play
Normal Forward
1 - 37% - 40% - 19:30
2 - 28% - 30% - 14:46
3 - 23% - 20% - 11:59
4 - 13% - 10% - 6:49
Normal Defense
1 - 38% - 40% - 20:03
2 - 29% - 30% - 15:18
3 - 15% - 20% - 8:01
4 - 18% - 10% - 9:42
PP Forward
1 - 100% - 60% - 0:13
2 - 0% - 40% - 0:00
PP Defense
1 - 100% - 60% - 0:13
2 - 0% - 40% - 0:00
PK Forward
1 - 79% - 60% - 5:19
2 - 21% - 40% - 1:24
PK Defense
1 - 69% - 60% - 4:40
2 - 31% - 40% - 2:03
PK3 Forward
1 - 0% - 60%
2 - 0% - 40%
PK3 Defense
1 - 0% - 60%
2 - 0% - 40%
44 Forward
1 - 0% - 60%
2 - 0% - 40%
44 Defense
1 - 0% - 60%
2 - 0% - 40%
Last Minute Offensive - 0:00
Last Minute Defensive - 0:00
Total
Forward - 60:00
Defense - 60:00
|
Play-by-Play
1st period
0:01 of 1st period - Josh Norris wins face-off versus Nick Shore in neutral zone.
0:08 of 1st period - Backhand shot by Hunter Shinkaruk.
0:08 of 1st period - Shot Blocked by Patrik Laine.
0:14 of 1st period - Brett Lernout is hit by Mark McNeill and loses puck.
0:36 of 1st period - Icing by Mattias Backman.
0:37 of 1st period - Connor Hurley wins face-off versus Barrett Hayton in Admirals zone.
0:42 of 1st period - Snap shot by Alexandre Carrier.
0:42 of 1st period - Shot Blocked by Mattias Backman.
1:13 of 1st period - Snap shot by Riley Barber.
1:13 of 1st period - Stopped by Garret Sparks without a rebound.
1:14 of 1st period - Phil McRae wins face-off versus Bokondji Imama in Condors zone.
1:18 of 1st period - Off-side.
1:19 of 1st period - Phil McRae wins face-off versus Ruslan Iskhakov in neutral zone.
1:28 of 1st period - Slapshot by Taro Hirose.
1:28 of 1st period - Stopped by Tristan Jarry without a rebound.
1:29 of 1st period - Nick Shore wins face-off versus Josh Norris in Admirals zone.
1:52 of 1st period - Snap shot by Riley Barber.
1:52 of 1st period - Stopped by Garret Sparks without a rebound.
1:53 of 1st period - Phil McRae wins face-off versus Joni Ikonen in Condors zone.
2:17 of 1st period - Icing by Jason Robertson.
2:18 of 1st period - Josh Norris wins face-off versus Nick Shore in Condors zone.
2:26 of 1st period - Off-side.
2:27 of 1st period - Pavol Regenda wins face-off versus Connor Hurley in neutral zone.
2:42 of 1st period - Slapshot by Barrett Hayton.
2:42 of 1st period - Stopped by Garret Sparks with a rebound.
3:22 of 1st period - Snap shot by Taro Hirose.
3:22 of 1st period - Stopped by Tristan Jarry with a rebound.
3:29 of 1st period - Icing by Reilly Walsh.
3:30 of 1st period - Ruslan Iskhakov wins face-off versus Ryan McLeod in Admirals zone.
3:55 of 1st period - Snap shot by Mark McNeill.
3:55 of 1st period - Stopped by Garret Sparks without a rebound.
3:56 of 1st period - Connor Hurley wins face-off versus Josh Norris in Condors zone.
5:22 of 1st period - Snap shot by Hunter Shinkaruk.
5:22 of 1st period - Stopped by Garret Sparks with a rebound.
5:28 of 1st period - Wrist shot by Hunter Shinkaruk.
5:28 of 1st period - Stopped by Garret Sparks without a rebound.
5:29 of 1st period - Nick Shore wins face-off versus Joni Ikonen in Condors zone.
5:36 of 1st period - Snap shot by Patrik Laine.
5:36 of 1st period - Stopped by Tristan Jarry with a rebound.
5:54 of 1st period - Pavol Regenda is hit by Phil McRae.
6:02 of 1st period - Snap shot by Kasper Bjorkqvist.
6:02 of 1st period - Deflect By Pavol Regenda.
6:02 of 1st period - Stopped by Garret Sparks without a rebound.
6:03 of 1st period - Nick Shore wins face-off versus Joni Ikonen in Condors zone.
6:33 of 1st period - Snap shot by Barrett Hayton.
6:33 of 1st period - Stopped by Garret Sparks with a rebound.
6:53 of 1st period - Gerald Mayhew is hit by Nick Shore and loses puck.
7:32 of 1st period - Icing by Kasper Bjorkqvist.
7:33 of 1st period - Ryan McLeod wins face-off versus Ruslan Iskhakov in Admirals zone.
7:40 of 1st period - Wrist shot by Gerald Mayhew.
7:40 of 1st period - Shot Blocked by Philippe Myers.
7:42 of 1st period - Snap shot by Christian Djoos.
7:42 of 1st period - Shot Blocked by Philippe Myers.
7:44 of 1st period - Slapshot by Christian Djoos.
7:44 of 1st period - Stopped by Garret Sparks with a rebound.
7:46 of 1st period - Wrist shot by Bokondji Imama.
7:46 of 1st period - Stopped by Garret Sparks with a rebound.
8:25 of 1st period - Slapshot by Taro Hirose.
8:25 of 1st period - Shot Blocked by Kristian Vesalainen.
8:27 of 1st period - Wrist shot by Pontus Holmberg.
8:27 of 1st period - Shot Misses the Net.
9:22 of 1st period - Snap shot by Taro Hirose.
9:22 of 1st period - Shot Misses the Net.
9:24 of 1st period - Snap shot by Pontus Holmberg.
9:24 of 1st period - Goal by Pontus Holmberg - Admirals : 0 - Condors : 1.
9:25 of 1st period - Josh Norris wins face-off versus Nick Shore in neutral zone.
9:34 of 1st period - Wrist shot by Jason Robertson.
9:34 of 1st period - Shot Misses the Net.
9:36 of 1st period - Slapshot by Zac Leslie.
9:36 of 1st period - Stopped by Tristan Jarry with a rebound.
9:38 of 1st period - Snap shot by Zac Leslie.
9:38 of 1st period - Goal by Zac Leslie - Admirals : 0 - Condors : 2.
9:39 of 1st period - Nick Shore wins face-off versus Kasper Bjorkqvist in neutral zone.
9:50 of 1st period - Snap shot by Patrik Laine.
9:50 of 1st period - Shot Blocked by Josh Wesley.
10:12 of 1st period - Snap shot by Kailer Yamamoto.
10:12 of 1st period - Shot Misses the Net.
10:26 of 1st period - Wrist shot by Gerald Mayhew.
10:26 of 1st period - Stopped by Garret Sparks with a rebound.
11:22 of 1st period - Snap shot by Hunter Shinkaruk.
11:22 of 1st period - Stopped by Garret Sparks without a rebound.
11:23 of 1st period - Phil McRae wins face-off versus Josh Norris in Condors zone.
11:31 of 1st period - Off-side.
11:32 of 1st period - Kiefer Sherwood wins face-off versus Josh Norris in neutral zone.
11:39 of 1st period - Backhand shot by Taro Hirose.
11:39 of 1st period - Stopped by Tristan Jarry with a rebound.
11:41 of 1st period - Wrist shot by Phil McRae.
11:41 of 1st period - Shot Blocked by Hunter Shinkaruk.
11:43 of 1st period - Snap shot by Kiefer Sherwood.
11:43 of 1st period - Stopped by Tristan Jarry without a rebound.
11:44 of 1st period - Barrett Hayton wins face-off versus Nick Shore in Admirals zone.
11:44 of 1st period - Barrett Hayton is hit by Brett Lernout.
13:04 of 1st period - Snap shot by Gerald Mayhew.
13:04 of 1st period - Shot Misses the Net.
13:10 of 1st period - Snap shot by Taro Hirose.
13:10 of 1st period - Goal by Taro Hirose - Admirals : 0 - Condors : 3.
13:11 of 1st period - Barrett Hayton wins face-off versus Nick Shore in neutral zone.
14:31 of 1st period - Slapshot by Patrik Laine.
14:31 of 1st period - Shot Misses the Net.
14:45 of 1st period - Snap shot by Kasper Bjorkqvist.
14:45 of 1st period - Stopped by Garret Sparks without a rebound.
14:46 of 1st period - Josh Norris wins face-off versus Phil McRae in Condors zone.
15:05 of 1st period - Zac Leslie is hit by Hunter Shinkaruk and loses puck.
15:47 of 1st period - Snap shot by Gerald Mayhew.
15:47 of 1st period - Shot Misses the Net.
15:49 of 1st period - Slapshot by Gerald Mayhew.
15:49 of 1st period - Goal by Gerald Mayhew - Admirals : 1 - Condors : 3.
15:50 of 1st period - Josh Norris wins face-off versus Kiefer Sherwood in neutral zone.
15:55 of 1st period - Snap shot by Mark McNeill.
15:55 of 1st period - Stopped by Garret Sparks without a rebound.
15:56 of 1st period - Phil McRae wins face-off versus Josh Norris in Condors zone.
16:07 of 1st period - Snap shot by Mark McNeill.
16:07 of 1st period - Deflect By Josh Norris.
16:07 of 1st period - Shot Misses the Net.
16:07 of 1st period - Puck is out of play.
16:08 of 1st period - Nick Shore wins face-off versus Josh Norris in Condors zone.
16:21 of 1st period - Snap shot by Nick Shore.
16:21 of 1st period - Stopped by Tristan Jarry with a rebound.
16:23 of 1st period - Snap shot by Patrik Laine.
16:23 of 1st period - Stopped by Tristan Jarry with a rebound.
16:25 of 1st period - Slapshot by Brett Lernout.
16:25 of 1st period - Shot Blocked by Hunter Shinkaruk.
17:00 of 1st period - Off-side.
17:01 of 1st period - Nick Shore wins face-off versus Josh Norris in neutral zone.
17:14 of 1st period - Wrist shot by Patrik Laine.
17:14 of 1st period - Stopped by Tristan Jarry without a rebound.
17:15 of 1st period - Jason Robertson wins face-off versus Josh Norris in Admirals zone.
17:30 of 1st period - Slapshot by Josh Norris.
17:30 of 1st period - Stopped by Garret Sparks with a rebound.
17:54 of 1st period - Wrist shot by Kailer Yamamoto.
17:54 of 1st period - Shot Misses the Net.
18:14 of 1st period - Snap shot by Phil McRae.
18:14 of 1st period - Shot Misses the Net.
18:16 of 1st period - Snap shot by Phil McRae.
18:16 of 1st period - Shot Hit the Post.
18:46 of 1st period - Icing by Christian Djoos.
18:47 of 1st period - Hunter Shinkaruk wins face-off versus Connor Hurley in Admirals zone.
19:02 of 1st period - Snap shot by Kailer Yamamoto.
19:02 of 1st period - Shot Misses the Net.
19:14 of 1st period - Wrist shot by Hunter Shinkaruk.
19:14 of 1st period - Stopped by Garret Sparks with a rebound.
19:18 of 1st period - Snap shot by Kasper Bjorkqvist.
19:18 of 1st period - Shot Blocked by Alexandre Carrier.
19:20 of 1st period - Snap shot by Olli Juolevi.
19:20 of 1st period - Deflect By Alexandre Carrier.
19:20 of 1st period - Stopped by Garret Sparks with a rebound.
19:22 of 1st period - Slapshot by Christian Djoos.
19:22 of 1st period - Shot Misses the Net.
19:24 of 1st period - Snap shot by Christian Djoos.
19:24 of 1st period - Deflect By Kasper Bjorkqvist.
19:24 of 1st period - Shot Blocked by Alexandre Carrier.
19:24 of 1st period - Puck is out of play.
19:25 of 1st period - Nick Shore wins face-off versus Joni Ikonen in Condors zone.
19:55 of 1st period - Wrist shot by Kiefer Sherwood.
19:55 of 1st period - Shot Blocked by Kasper Bjorkqvist.
19:57 of 1st period - Snap shot by Kiefer Sherwood.
19:57 of 1st period - Shot Misses the Net.
19:59 of 1st period - Slapshot by Zac Leslie.
19:59 of 1st period - Shot Blocked by T.J Brodie.
Goals for this period are 1 for Admirals vs 3 for Condors.
Shots for this period are 18 for Admirals vs 12 for Condors.
2nd period
0:01 of 2nd period - Nick Shore wins face-off versus Josh Norris in neutral zone.
0:13 of 2nd period - Snap shot by Hunter Shinkaruk.
0:13 of 2nd period - Shot Misses the Net.
0:15 of 2nd period - Snap shot by Hunter Shinkaruk.
0:15 of 2nd period - Stopped by Garret Sparks with a rebound.
0:25 of 2nd period - Reilly Walsh is hit by Taro Hirose.
0:36 of 2nd period - Off-side.
0:37 of 2nd period - Nick Shore wins face-off versus Josh Norris in neutral zone.
0:46 of 2nd period - Wrist shot by Jason Robertson.
0:46 of 2nd period - Stopped by Tristan Jarry without a rebound.
0:47 of 2nd period - Nick Shore wins face-off versus Josh Norris in Admirals zone.
1:15 of 2nd period - Minor Penalty to Nick Shore for Cross-checking.
1:16 of 2nd period - Phil McRae wins face-off versus Josh Norris in Condors zone.
1:26 of 2nd period - Slapshot by T.J Brodie.
1:26 of 2nd period - Stopped by Garret Sparks with a rebound.
1:42 of 2nd period - Slapshot by Olli Juolevi.
1:42 of 2nd period - Stopped by Garret Sparks without a rebound.
1:43 of 2nd period - Barrett Hayton wins face-off versus Ryan McLeod in Condors zone.
1:46 of 2nd period - Slapshot by Olli Juolevi.
1:46 of 2nd period - Deflect By Pavol Regenda.
1:46 of 2nd period - Shot Misses the Net.
1:46 of 2nd period - Puck is out of play.
1:47 of 2nd period - Josh Norris wins face-off versus C.J. Smith in Condors zone.
2:18 of 2nd period - Slapshot by T.J Brodie.
2:18 of 2nd period - Stopped by Garret Sparks without a rebound.
2:19 of 2nd period - Barrett Hayton wins face-off versus Phil McRae in Condors zone.
2:46 of 2nd period - Slapshot by Kasper Bjorkqvist.
2:46 of 2nd period - Shot Blocked by Taro Hirose.
2:48 of 2nd period - Snap shot by Pavol Regenda.
2:48 of 2nd period - Stopped by Garret Sparks with a rebound.
2:50 of 2nd period - Slapshot by Mattias Backman.
2:50 of 2nd period - Shot Misses the Net.
2:52 of 2nd period - Wrist shot by Mattias Backman.
2:52 of 2nd period - Stopped by Garret Sparks with a rebound.
3:15 of 2nd period - Penalty to Nick Shore is over, Nick Shore is back on ice.
4:36 of 2nd period - Wrist shot by Barrett Hayton.
4:36 of 2nd period - Shot Blocked by Zac Leslie.
4:40 of 2nd period - Snap shot by Kasper Bjorkqvist.
4:40 of 2nd period - Stopped by Garret Sparks with a rebound.
4:42 of 2nd period - Slapshot by Mattias Backman.
4:42 of 2nd period - Goal by Mattias Backman - Admirals : 2 - Condors : 3.
4:43 of 2nd period - Connor Hurley wins face-off versus Josh Norris in neutral zone.
5:38 of 2nd period - Gerald Mayhew is hit by Jason Robertson and loses puck.
5:57 of 2nd period - Josh Norris is hit by C.J. Smith and loses puck.
7:18 of 2nd period - Phil McRae is hit by Hunter Shinkaruk.
10:29 of 2nd period - Josh Norris is hit by Taro Hirose and loses puck.
11:44 of 2nd period - Alexandre Carrier is hit by Pavol Regenda and loses puck.
13:34 of 2nd period - Brett Lernout is hit by Mattias Backman.
13:35 of 2nd period - Brett Lernout from Condors is injured at 13:35 of 2nd period (Fractured Metatarsal (Left Foot)).
13:36 of 2nd period - Nick Shore wins face-off versus Mark McNeill in Condors zone.
14:01 of 2nd period - Jason Robertson is hit by T.J Brodie.
14:07 of 2nd period - Snap shot by Patrik Laine.
14:07 of 2nd period - Shot Blocked by Kasper Bjorkqvist.
14:29 of 2nd period - Snap shot by Taro Hirose.
14:29 of 2nd period - Stopped by Tristan Jarry with a rebound.
14:31 of 2nd period - Snap shot by Phil McRae.
14:31 of 2nd period - Shot Misses the Net.
15:07 of 2nd period - Snap shot by Phil McRae.
15:07 of 2nd period - Shot Blocked by Christian Djoos.
16:25 of 2nd period - Wrist shot by Kiefer Sherwood.
16:25 of 2nd period - Stopped by Tristan Jarry without a rebound.
16:26 of 2nd period - Phil McRae wins face-off versus Ruslan Iskhakov in Admirals zone.
17:04 of 2nd period - Slapshot by Mattias Backman.
17:04 of 2nd period - Shot Misses the Net.
17:06 of 2nd period - Snap shot by Barrett Hayton.
17:06 of 2nd period - Deflect By Kailer Yamamoto.
17:06 of 2nd period - Stopped by Garret Sparks without a rebound.
17:07 of 2nd period - Phil McRae wins face-off versus Josh Norris in Condors zone.
17:09 of 2nd period - Minor Penalty to Taro Hirose for Hooking.
17:10 of 2nd period - Hunter Shinkaruk wins face-off versus Nick Shore in Condors zone.
17:24 of 2nd period - Snap shot by Hunter Shinkaruk.
17:24 of 2nd period - Stopped by Garret Sparks with a rebound.
17:42 of 2nd period - Mattias Backman is hit by Zac Leslie and loses puck.
19:09 of 2nd period - Penalty to Taro Hirose is over, Taro Hirose is back on ice.
Goals for this period are 1 for Admirals vs 0 for Condors.
Shots for this period are 10 for Admirals vs 3 for Condors.
3rd period
0:01 of 3rd period - Nick Shore wins face-off versus Josh Norris in neutral zone.
0:27 of 3rd period - Wrist shot by Taro Hirose.
0:27 of 3rd period - Stopped by Tristan Jarry without a rebound.
0:28 of 3rd period - Barrett Hayton wins face-off versus Phil McRae in Admirals zone.
0:53 of 3rd period - Wrist shot by Kailer Yamamoto.
0:53 of 3rd period - Shot Misses the Net.
1:03 of 3rd period - Slapshot by Olli Juolevi.
1:03 of 3rd period - Shot Blocked by Connor Hurley.
1:05 of 3rd period - Slapshot by Olli Juolevi.
1:05 of 3rd period - Stopped by Garret Sparks without a rebound.
1:06 of 3rd period - Patrik Laine wins face-off versus Josh Norris in Condors zone.
1:06 of 3rd period - Patrik Laine is hit by Josh Norris.
1:14 of 3rd period - Slapshot by Zac Leslie.
1:14 of 3rd period - Shot Misses the Net.
1:16 of 3rd period - Slapshot by Gustav Olofsson.
1:16 of 3rd period - Shot Blocked by Mattias Backman.
1:18 of 3rd period - Slapshot by Zac Leslie.
1:18 of 3rd period - Shot Misses the Net.
1:34 of 3rd period - Slapshot by Phil McRae.
1:34 of 3rd period - Shot Blocked by Riley Barber.
1:36 of 3rd period - Wrist shot by Kiefer Sherwood.
1:36 of 3rd period - Shot Blocked by T.J Brodie.
1:38 of 3rd period - Slapshot by Alexander Alexeyev.
1:38 of 3rd period - Deflect By Riley Barber.
1:38 of 3rd period - Stopped by Tristan Jarry with a rebound.
1:40 of 3rd period - Wrist shot by Kiefer Sherwood.
1:40 of 3rd period - Shot Blocked by T.J Brodie.
2:14 of 3rd period - Wrist shot by Mark McNeill.
2:14 of 3rd period - Shot Blocked by Jordan Subban.
2:23 of 3rd period - Icing by Christian Djoos.
2:24 of 3rd period - Nick Shore wins face-off versus Josh Norris in Admirals zone.
2:29 of 3rd period - Wrist shot by Jason Robertson.
2:29 of 3rd period - Shot Misses the Net.
2:31 of 3rd period - Wrist shot by Patrik Laine.
2:31 of 3rd period - Shot Misses the Net.
2:33 of 3rd period - Snap shot by Jason Robertson.
2:33 of 3rd period - Stopped by Tristan Jarry with a rebound.
2:35 of 3rd period - Wrist shot by Jason Robertson.
2:35 of 3rd period - Goal by Jason Robertson - Admirals : 2 - Condors : 4.
2:35 of 3rd period - Felix Sanstrom enters game.
2:36 of 3rd period - Nick Shore wins face-off versus Mark McNeill in neutral zone.
2:43 of 3rd period - T.J Brodie is hit by Gustav Olofsson and loses puck.
3:10 of 3rd period - Snap shot by Kasper Bjorkqvist.
3:10 of 3rd period - Stopped by Garret Sparks with a rebound.
3:12 of 3rd period - Snap shot by Kasper Bjorkqvist.
3:12 of 3rd period - Stopped by Garret Sparks with a rebound.
3:14 of 3rd period - Slapshot by Kasper Bjorkqvist.
3:14 of 3rd period - Stopped by Garret Sparks without a rebound.
3:15 of 3rd period - Joni Ikonen wins face-off versus Nick Shore in Condors zone.
4:05 of 3rd period - Off-side.
4:06 of 3rd period - Kasper Bjorkqvist wins face-off versus Connor Hurley in neutral zone.
4:16 of 3rd period - Slapshot by Zac Leslie.
4:16 of 3rd period - Shot Blocked by Mattias Backman.
4:18 of 3rd period - Slapshot by Zac Leslie.
4:18 of 3rd period - Stopped by Felix Sanstrom with a rebound.
4:20 of 3rd period - Snap shot by C.J. Smith.
4:20 of 3rd period - Stopped by Felix Sanstrom with a rebound.
4:22 of 3rd period - Snap shot by Zac Leslie.
4:22 of 3rd period - Deflect By Connor Hurley.
4:22 of 3rd period - Shot Misses the Net.
4:22 of 3rd period - Puck is out of play.
4:23 of 3rd period - Josh Norris wins face-off versus Nick Shore in Admirals zone.
4:23 of 3rd period - Josh Norris is hit by Gustav Olofsson.
4:36 of 3rd period - Minor Penalty to Patrik Laine for Holding.
4:37 of 3rd period - Hunter Shinkaruk wins face-off versus Nick Shore in Condors zone.
5:09 of 3rd period - Snap shot by Olli Juolevi.
5:09 of 3rd period - Goal by Olli Juolevi - Admirals : 3 - Condors : 4.
5:10 of 3rd period - Nick Shore wins face-off versus Hunter Shinkaruk in neutral zone.
5:13 of 3rd period - Mattias Backman is hit by Patrik Laine and loses puck.
5:43 of 3rd period - Minor Penalty to Kailer Yamamoto for Holding.
5:44 of 3rd period - Barrett Hayton wins face-off versus Nick Shore in Condors zone.
5:48 of 3rd period - Snap shot by T.J Brodie.
5:48 of 3rd period - Shot Misses the Net.
5:50 of 3rd period - Slapshot by T.J Brodie.
5:50 of 3rd period - Shot Blocked by Emil Djuse.
5:52 of 3rd period - Slapshot by Mattias Backman.
5:52 of 3rd period - Deflect By Zac Leslie.
5:52 of 3rd period - Stopped by Garret Sparks with a rebound.
5:56 of 3rd period - Wrist shot by Kasper Bjorkqvist.
5:56 of 3rd period - Goal by Kasper Bjorkqvist - Admirals : 4 - Condors : 4.
5:57 of 3rd period - Nick Shore wins face-off versus Josh Norris in neutral zone.
6:11 of 3rd period - Snap shot by Nick Shore.
6:11 of 3rd period - Shot Blocked by Olli Juolevi.
6:36 of 3rd period - Icing by Gustav Olofsson.
6:37 of 3rd period - Phil McRae wins face-off versus Barrett Hayton in Condors zone.
6:51 of 3rd period - Snap shot by Phil McRae.
6:51 of 3rd period - Shot Blocked by Barrett Hayton.
6:53 of 3rd period - Wrist shot by Phil McRae.
6:53 of 3rd period - Stopped by Felix Sanstrom without a rebound.
6:54 of 3rd period - Nick Shore wins face-off versus Josh Norris in Admirals zone.
7:01 of 3rd period - Wrist shot by Nick Shore.
7:01 of 3rd period - Stopped by Felix Sanstrom with a rebound.
7:26 of 3rd period - Slapshot by Olli Juolevi.
7:26 of 3rd period - Shot Misses the Net.
7:46 of 3rd period - Gustav Olofsson is hit by Bokondji Imama and loses puck.
8:39 of 3rd period - Snap shot by Barrett Hayton.
8:39 of 3rd period - Stopped by Garret Sparks with a rebound.
10:21 of 3rd period - Wrist shot by Pavol Regenda.
10:21 of 3rd period - Shot Misses the Net.
10:29 of 3rd period - Pavol Regenda is hit by C.J. Smith and loses puck.
11:27 of 3rd period - Minor Penalty to Pontus Holmberg for Diving.
11:28 of 3rd period - Nick Shore wins face-off versus Josh Norris in Condors zone.
12:36 of 3rd period - Zac Leslie is hit by Hunter Shinkaruk and loses puck.
13:27 of 3rd period - Penalty to Pontus Holmberg is over, Pontus Holmberg is back on ice.
13:50 of 3rd period - Off-side.
13:51 of 3rd period - Connor Hurley wins face-off versus Joni Ikonen in neutral zone.
14:36 of 3rd period - Snap shot by Kiefer Sherwood.
14:36 of 3rd period - Stopped by Felix Sanstrom with a rebound.
15:50 of 3rd period - Phil McRae is hit by Barrett Hayton and loses puck.
16:23 of 3rd period - Gerald Mayhew is hit by Connor Hurley and loses puck.
16:48 of 3rd period - Taro Hirose is hit by Barrett Hayton and loses puck.
17:13 of 3rd period - Slapshot by Olli Juolevi.
17:13 of 3rd period - Shot Blocked by Jason Robertson.
17:15 of 3rd period - Wrist shot by Kristian Vesalainen.
17:15 of 3rd period - Goal by Kristian Vesalainen - Admirals : 5 - Condors : 4.
17:16 of 3rd period - Josh Norris wins face-off versus Connor Hurley in neutral zone.
17:31 of 3rd period - Slapshot by Kailer Yamamoto.
17:31 of 3rd period - Stopped by Felix Sanstrom without a rebound.
17:32 of 3rd period - Nick Shore wins face-off versus Barrett Hayton in Admirals zone.
17:35 of 3rd period - Wrist shot by Patrik Laine.
17:35 of 3rd period - Shot Misses the Net.
17:39 of 3rd period - Wrist shot by Nick Shore.
17:39 of 3rd period - Shot Hit the Post.
17:49 of 3rd period - Snap shot by Patrik Laine.
17:49 of 3rd period - Stopped by Felix Sanstrom without a rebound.
17:50 of 3rd period - Phil McRae wins face-off versus Josh Norris in Admirals zone.
18:24 of 3rd period - Minor Penalty to Kristian Vesalainen for Interference.
18:25 of 3rd period - Mark McNeill wins face-off versus Nick Shore in Admirals zone.
18:37 of 3rd period - Slapshot by Gustav Olofsson.
18:37 of 3rd period - Deflect By Mark McNeill.
18:37 of 3rd period - Goal by Gustav Olofsson - Admirals : 5 - Condors : 5.
18:38 of 3rd period - Josh Norris wins face-off versus Nick Shore in neutral zone.
Goals for this period are 3 for Admirals vs 2 for Condors.
Shots for this period are 9 for Admirals vs 12 for Condors.
Overtime #1
0:01 of 1st overtime period - Nick Shore wins face-off versus Kasper Bjorkqvist in neutral zone.
0:09 of 1st overtime period - Snap shot by Phil McRae.
0:09 of 1st overtime period - Goal by Phil McRae - Admirals : 5 - Condors : 6.
Goals for this period are 0 for Admirals vs 1 for Condors.
Shots for this period are 0 for Admirals vs 1 for Condors.